[Event "Kupreichik Memorial Open 2018"]
[Site "Minsk"]
[Date "2018.06.21"]
[Round "4"]
[White "Maslak, Alexander"]
[Black "Tsvetkova, Vladislava"]
[Result "1/2-1/2"]
[ECO "B16"]
[WhiteElo "2127"]
[BlackElo "1697"]
[Annotator "NA"]
[PlyCount "88"]
[EventDate "2018.06.21"]
[EventCountry "BLR"]
[SourceTitle "playchess.com"]
[Source "ChessBase"]
[SourceQuality "1"]
[TimeControl "900+10"]

1. e4 c6 2. d4 d5 3. Nc3 dxe4 4. Nxe4 Nf6 5. Nxf6+ gxf6 6. Be3 Bf5 7. Ne2 Nd7 8. Ng3 Bg6 9. h4 h5 10. f4 e6 11. Qd2 Qc7 12. O-O-O O-O-O 13. Qf2 Nb6 14. c4 Bb4 15. a3 Nd5 16. axb4 Nxb4 17. f5 exf5 18. Bd3 Nxd3+ 19. Rxd3 Qa5 20. Ra3 Qb4 21. Qf4 Rhe8 22. Rd1 Qxc4+ 23. Kb1 Rd5 24. Rc1 Qb4 25. Ka1 Rb5 26. Rb1 Ra5 27. Bc1 Re1 28. Qd2 Qxd2 29. Bxd2 Rxa3+ 30. bxa3 Rxb1+ 31. Kxb1 f4+ 32. Kb2 fxg3 33. Bf4 Kd7 34. Bxg3 Ke6 35. Bb8 a6 36. Kc3 Kd5 37. g3 b5 38. Bc7 Be4 39. Bd8 f5 40. Be7 Bb1 41. Bd8 Ke4 42. Bc7 Ke3 43. Bf4+ Ke4 44. Bc7 Kd5 1/2-1/2

[Event "Kupreichik Memorial Open 2018"]
[Site "Minsk"]
[Date "2018.06.21"]
[Round "4"]
[White "Shaban, Alena"]
[Black "Papunidi, Matvey"]
[Result "0-1"]
[ECO "A04"]
[WhiteElo "2027"]
[BlackElo "1751"]
[Annotator "NA"]
[PlyCount "52"]
[EventDate "2018.06.21"]
[EventCountry "BLR"]
[SourceTitle "playchess.com"]
[Source "ChessBase"]
[SourceQuality "1"]
[TimeControl "900+10"]

1. Nf3 c5 2. g3 g6 3. Bg2 Bg7 4. d3 Nc6 5. O-O e6 6. e4 Nge7 7. Re1 O-O 8. Nbd2 d6 9. c3 Rb8 10. Nf1 b5 11. d4 Bb7 12. dxc5 dxc5 13. Bf4 Rc8 14. Bd6 Na5 15. e5 Nc4 16. Qe2 Nxd6 17. Rad1 Nd5 18. exd6 a6 19. c4 bxc4 20. Qxc4 Qxd6 21. Ne3 Nxe3 22. fxe3 Qb6 23. b3 Rfd8 24. Qh4 Rxd1 25. Rxd1 c4 26. bxc4 Qxe3+ 0-1

[Event "Kupreichik Memorial Open 2018"]
[Site "Minsk"]
[Date "2018.06.21"]
[Round "4"]
[White "Kalinin, Dmitry"]
[Black "Nomin-Erdene, Davaademberel"]
[Result "1/2-1/2"]
[ECO "A80"]
[WhiteElo "1995"]
[BlackElo "2312"]
[Annotator "NA"]
[PlyCount "181"]
[EventDate "2018.06.21"]
[EventCountry "BLR"]
[SourceTitle "playchess.com"]
[Source "ChessBase"]
[SourceQuality "1"]
[TimeControl "900+10"]

1. d4 f5 2. Nf3 Nf6 3. g3 g6 4. Bg2 Bg7 5. O-O O-O 6. c4 d6 7. Nc3 Qe8 8. d5 Na6 9. Be3 c6 10. Nd4 Bd7 11. Rc1 Nc7 12. Qb3 Rb8 13. Rfd1 Kh8 14. Qa3 a6 15. c5 Ncxd5 16. Nxd5 cxd5 17. cxd6 e5 18. Nb3 d4 19. Bg5 b6 20. Rc7 Qe6 21. f4 Ne8 22. Be7 Nxc7 23. Bxf8 Bxf8 24. dxc7 Rc8 25. Qxa6 exf4 26. Nxd4 Bc5 27. Kh1 Bxd4 28. Rxd4 Rxc7 29. Rd1 fxg3 30. hxg3 Kg7 31. Qd3 Bc6 32. Qd4+ Kf7 33. Bxc6 Qxc6+ 34. Kh2 Re7 35. Rd2 Qf6 36. Qd8 Rxe2+ 37. Kh3 Qxd8 38. Rxd8 Rxb2 39. Rd7+ Kf6 40. Rb7 Rxa2 41. Rxb6+ Kg5 42. Rc6 Ra3 43. Kg2 Kg4 44. Rc4+ Kh5 45. Rh4+ Kg5 46. Rxh7 Ra4 47. Rb7 Kg4 48. Rb2 Rd4 49. Ra2 Rd3 50. Ra4+ Kg5 51. Rb4 Re3 52. Ra4 Kf6 53. Kf2 Re6 54. Kf3 Rd6 55. Ra8 Rd3+ 56. Kg2 Ke5 57. Rg8 Rd6 58. Re8+ Re6 59. Ra8 Rd6 60. Ra4 Rd4 61. Ra2 Rd6 62. Re2+ Kf6 63. Ra2 Rd4 64. Kf3 Kg5 65. Ra6 Rd3+ 66. Kg2 Kh5 67. Ra4 Re3 68. Kf2 Re4 69. Ra2 Kg4 70. Rb2 Kh3 71. Rb8 Kg4 72. Rb2 Rd4 73. Ra2 g5 74. Kg2 Rd3 75. Ra4+ f4 76. gxf4 Rd2+ 77. Kg1 gxf4 78. Ra3 Re2 79. Kf1 Re5 80. Rb3 f3 81. Rb8 Kf4 82. Rf8+ Ke3 83. Rb8 Re4 84. Ra8 Rb4 85. Re8+ Kf4 86. Rf8+ Kg3 87. Rg8+ Rg4 88. Rxg4+ Kxg4 89. Kf2 Kf4 90. Kf1 Kg3 91. Kg1 1/2-1/2

[Event "Kupreichik Memorial Open 2018"]
[Site "Minsk"]
[Date "2018.06.21"]
[Round "4"]
[White "Tsaruk, Maksim"]
[Black "Ten, Alexander"]
[Result "1-0"]
[ECO "C66"]
[WhiteElo "1980"]
[BlackElo "2265"]
[Annotator "NA"]
[PlyCount "85"]
[EventDate "2018.06.21"]
[EventCountry "BLR"]
[SourceTitle "playchess.com"]
[Source "ChessBase"]
[SourceQuality "1"]
[TimeControl "900+10"]

1. e4 e5 2. Nf3 Nc6 3. Bb5 Nf6 4. O-O d6 5. d4 exd4 6. Nxd4 Bd7 7. Re1 Be7 8. Bf1 O-O 9. c4 Nxd4 10. Qxd4 Be6 11. Nc3 Nd7 12. b3 Bf6 13. Qd2 Nc5 14. Bb2 a5 15. Rad1 Qd7 16. h3 Rfe8 17. f4 Qc6 18. Nb5 Bxb2 19. Qxb2 Qb6 20. Qf2 Bd7 21. Nc3 Bc6 22. e5 dxe5 23. fxe5 a4 24. Nd5 Bxd5 25. cxd5 axb3 26. axb3 Nxb3 27. Qxb6 cxb6 28. Rb1 Ra3 29. d6 Rd8 30. Re3 Nd2 31. Rxa3 Nxb1 32. Rb3 Nd2 33. Rxb6 Ne4 34. Rxb7 Nc5 35. Rc7 Nd7 36. Bb5 Nxe5 37. d7 Kf8 38. Kf2 Ke7 39. Ke3 Nxd7 40. Ke4 Kd6 41. Rc6+ Ke7 42. Rc7 Kd6 43. Rc6+ 1-0

[Event "Kupreichik Memorial Open 2018"]
[Site "Minsk"]
[Date "2018.06.21"]
[Round "4"]
[White "Naumovich, Yaroslav"]
[Black "Rakhmangulova, Anastasiya"]
[Result "1-0"]
[ECO "A37"]
[WhiteElo "1959"]
[BlackElo "2244"]
[Annotator "NA"]
[PlyCount "73"]
[EventDate "2018.06.21"]
[EventCountry "BLR"]
[SourceTitle "playchess.com"]
[Source "ChessBase"]
[SourceQuality "1"]
[TimeControl "900+10"]

1. Nf3 c5 2. c4 Nc6 3. Nc3 g6 4. g3 Bg7 5. Bg2 Nh6 6. O-O Nf5 7. d3 d6 8. Bd2 Bd7 9. Rb1 a6 10. a3 Nfd4 11. b4 Rb8 12. b5 axb5 13. Nxb5 Nxb5 14. cxb5 Ne5 15. Nxe5 Bxe5 16. a4 h5 17. h4 Qc8 18. Qb3 Be6 19. Qc2 Bh3 20. Bc3 Bxc3 21. Qxc3 f6 22. a5 Rg8 23. Qc4 Rg7 24. d4 Bxg2 25. Kxg2 Qg4 26. Rfc1 Qe4+ 27. f3 Qxd4 28. Qxd4 cxd4 29. a6 bxa6 30. bxa6 Ra8 31. Rb6 Kd7 32. Rb7+ Ke6 33. a7 Rgg8 34. Rc4 Kd5 35. Rcb4 Ke6 36. Rb8 Kf7 37. Rxg8 1-0

[Event "Kupreichik Memorial Open 2018"]
[Site "Minsk"]
[Date "2018.06.21"]
[Round "4"]
[White "Uzlavataya, Anhelina"]
[Black "Cherepov, Alexej"]
[Result "1-0"]
[ECO "A04"]
[WhiteElo "1925"]
[BlackElo "2234"]
[Annotator "NA"]
[PlyCount "57"]
[EventDate "2018.06.21"]
[EventCountry "BLR"]
[SourceTitle "playchess.com"]
[Source "ChessBase"]
[SourceQuality "1"]
[TimeControl "900+10"]

1. Nf3 c5 2. g3 Nc6 3. d4 cxd4 4. Nxd4 d5 5. Nxc6 bxc6 6. c4 d4 7. Bg2 Bb7 8. O-O e5 9. Qa4 Qd7 10. Rd1 Ne7 11. f4 Nc8 12. fxe5 Nb6 13. Qc2 c5 14. e3 Bxg2 15. Qxg2 Rc8 16. b3 d3 17. Bb2 Be7 18. e6 Qxe6 19. Bxg7 Rg8 20. Bb2 Qxe3+ 21. Kh1 Rd8 22. Nc3 Rg6 23. Re1 Qg5 24. Ne4 Qf5 25. Rf1 Qh5 26. Rae1 Kf8 27. Qf2 Re6 28. Nf6 Qh3 29. Ng4 1-0

[Event "Kupreichik Memorial Open 2018"]
[Site "Minsk"]
[Date "2018.06.21"]
[Round "4"]
[White "Sadovnikov, Konstantin"]
[Black "Korniichuk, Oleksandra"]
[Result "1-0"]
[ECO "B23"]
[WhiteElo "1908"]
[BlackElo "1740"]
[Annotator "NA"]
[PlyCount "59"]
[EventDate "2018.06.21"]
[EventCountry "BLR"]
[SourceTitle "playchess.com"]
[Source "ChessBase"]
[SourceQuality "1"]
[TimeControl "900+10"]

1. e4 c5 2. Nc3 e6 3. g3 d5 4. Bg2 d4 5. Nce2 Nf6 6. d3 Be7 7. f4 Nc6 8. Nf3 O-O 9. O-O b5 10. h3 Bb7 11. g4 Qb6 12. f5 exf5 13. gxf5 Nd7 14. Bf4 Bf6 15. Ng3 Nce5 16. Nh5 Rfe8 17. Nxe5 Nxe5 18. Bxe5 Bxe5 19. Qg4 Qc7 20. Nxg7 Bh2+ 21. Kh1 Qg3 22. Nxe8+ Qxg4 23. hxg4 Be5 24. Nc7 Bxc7 25. Rae1 Be5 26. Bh3 f6 27. g5 fxg5 28. f6 Bf4 29. Be6+ Kf8 30. Rxf4 1-0

[Event "Kupreichik Memorial Open 2018"]
[Site "Minsk"]
[Date "2018.06.21"]
[Round "4"]
[White "Kirilin, Dmitrij"]
[Black "Osmolny, Vladimir I"]
[Result "1-0"]
[ECO "D07"]
[WhiteElo "1898"]
[BlackElo "2163"]
[Annotator "NA"]
[PlyCount "43"]
[EventDate "2018.06.21"]
[EventCountry "BLR"]
[SourceTitle "playchess.com"]
[Source "ChessBase"]
[SourceQuality "1"]
[TimeControl "900+10"]

1. d4 d5 2. c4 Nc6 3. Nf3 Bg4 4. e3 e5 5. dxe5 dxc4 6. Qa4 Qd5 7. Bxc4 Qd7 8. Nbd2 Nxe5 9. Bb5 Nd3+ 10. Ke2 Bxf3+ 11. Nxf3 Nxc1+ 12. Raxc1 c6 13. Rxc6 bxc6 14. Bxc6 O-O-O 15. Bxd7+ Rxd7 16. Rc1+ Kd8 17. Ne5 Rb7 18. Rd1+ Ke7 19. Rd7+ Rxd7 20. Qxd7+ Kf6 21. Qxf7+ Kxe5 22. f4+ 1-0

[Event "Kupreichik Memorial Open 2018"]
[Site "Minsk"]
[Date "2018.06.21"]
[Round "4"]
[White "Tyurin, Artem"]
[Black "Tarasenka, Aliaksandra"]
[Result "1-0"]
[ECO "B10"]
[WhiteElo "1855"]
[BlackElo "1682"]
[Annotator "NA"]
[PlyCount "97"]
[EventDate "2018.06.21"]
[EventCountry "BLR"]
[SourceTitle "playchess.com"]
[Source "ChessBase"]
[SourceQuality "1"]
[TimeControl "900+10"]

1. e4 c6 2. Nc3 d5 3. Qe2 Nf6 4. d3 g6 5. Bg5 Bg7 6. e5 Nfd7 7. d4 Qc7 8. O-O-O e6 9. h4 a6 10. h5 c5 11. hxg6 hxg6 12. Rxh8+ Bxh8 13. f4 b5 14. f5 gxf5 15. Qh5 Bg7 16. Bxb5 cxd4 17. Nxd5 Qxe5 18. Bxd7+ Nxd7 19. Nf4 Bb7 20. Nd3 Qa5 21. Kb1 Bd5 22. b3 Rc8 23. Ne2 Qc7 24. Rd2 Nf6 25. Bxf6 Bxf6 26. Nef4 Qd6 27. Qh6 Ke7 28. Qh7 e5 29. Nxd5+ Qxd5 30. Qxf5 Rg8 31. Rf2 Rg6 32. Nf4 Qd6 33. Nxg6+ fxg6 34. Qxg6 a5 35. Qh7+ Kd8 36. Qg8+ Kc7 37. Qf7+ Be7 38. Qc4+ Kd8 39. Rf7 e4 40. Rf5 Qh6 41. Qxd4+ Ke8 42. Qxe4 Qh1+ 43. Kb2 Qh8+ 44. Qe5 Qh4 45. Qb8+ Kd7 46. Rd5+ Ke6 47. Qe5+ Kf7 48. Rd7 a4 49. Qxe7+ 1-0

[Event "Kupreichik Memorial Open 2018"]
[Site "Minsk"]
[Date "2018.06.21"]
[Round "4"]
[White "Kruglikova, Viktorija"]
[Black "Ivanytska, Liudmyla"]
[Result "1/2-1/2"]
[ECO "B01"]
[WhiteElo "1839"]
[BlackElo "1655"]
[Annotator "NA"]
[PlyCount "98"]
[EventDate "2018.06.21"]
[EventCountry "BLR"]
[SourceTitle "playchess.com"]
[Source "ChessBase"]
[SourceQuality "1"]
[TimeControl "900+10"]

1. e4 d5 2. exd5 Qxd5 3. Nc3 Qa5 4. Nf3 c6 5. d4 Nf6 6. Be2 Bf5 7. O-O e6 8. h3 Bd6 9. Nh4 Bg6 10. Nxg6 hxg6 11. Bf3 Nbd7 12. Re1 Qc7 13. d5 cxd5 14. Nxd5 Nxd5 15. Bxd5 Nf6 16. Bf3 O-O 17. c3 Rad8 18. Qb3 b6 19. Be3 Bc5 20. Qc4 Bd6 21. Qb3 Bf4 22. Bxf4 Qxf4 23. Qb5 Rd2 24. b3 Rfd8 25. a4 Rc2 26. Qc6 Rdd2 27. Rf1 Rd3 28. Qa8+ Kh7 29. Qxa7 Rcxc3 30. Qxf7 Qg5 31. Kh1 Qf5 32. Bg4 Nxg4 33. Qxf5 gxf5 34. hxg4 Rxb3 35. gxf5 exf5 36. a5 bxa5 37. Rxa5 g6 38. Re1 Rd2 39. Re7+ Kh6 40. f4 Rb1+ 41. Kh2 Rbb2 42. Raa7 Rxg2+ 43. Kh3 Rh2+ 44. Kg3 Rhg2+ 45. Kh3 Rh2+ 46. Kg3 Rbg2+ 47. Kf3 Rf2+ 48. Kg3 Rhg2+ 49. Kh3 Rh2+ 1/2-1/2

[Event "Kupreichik Memorial Open 2018"]
[Site "Minsk"]
[Date "2018.06.21"]
[Round "4"]
[White "Masjuk, Vladimir"]
[Black "Sirotkina, Nina"]
[Result "0-1"]
[ECO "B01"]
[WhiteElo "1829"]
[BlackElo "2116"]
[Annotator "NA"]
[PlyCount "152"]
[EventDate "2018.06.21"]
[EventCountry "BLR"]
[SourceTitle "playchess.com"]
[Source "ChessBase"]
[SourceQuality "1"]
[TimeControl "900+10"]

1. e4 d5 2. exd5 Qxd5 3. Nc3 Qd6 4. d4 Nf6 5. Nf3 Bg4 6. Be2 c6 7. O-O e6 8. Bg5 Nbd7 9. Bh4 Qc7 10. Bg3 Bd6 11. Ne5 Bf5 12. Re1 O-O 13. Bf3 Rad8 14. Qe2 Bxe5 15. dxe5 Nd5 16. Nxd5 cxd5 17. c3 Nb6 18. Qb5 Qc4 19. Qb3 Rc8 20. Be2 Qc5 21. Rad1 Nc4 22. Rd4 b5 23. a3 a5 24. h3 a4 25. Qa2 Rb8 26. Qa1 Na5 27. Qd1 Nc4 28. Qc1 Na5 29. Rh4 Bg6 30. Bh5 Nb3 31. Qg5 Rfd8 32. Bxg6 hxg6 33. Qe3 d4 34. cxd4 Nxd4 35. Kh2 Qd5 36. Rc1 Nf5 37. Qe1 Nxh4 38. Bxh4 Rdc8 39. Rd1 Qc4 40. Bg3 Rd8 41. Rc1 Qd3 42. Bh4 Rd5 43. Rc7 Qd4 44. Bg3 Rd7 45. Rc3 Qd2 46. Qb1 Rbd8 47. Rc5 Rd5 48. Rc7 Qe2 49. Qc1 Rd1 50. Qf4 R1d7 51. Qg5 Qd2 52. Qxd2 Rxd2 53. Bh4 Rb8 54. f4 Rxb2 55. Be7 Rb3 56. Ra7 Rc8 57. h4 Rc2 58. Ra8+ Kh7 59. Rf8 Rbb2 60. Rxf7 Rxg2+ 61. Kh3 Rh2+ 62. Kg3 Rbg2+ 63. Kf3 Ra2 64. Bf6 Rxa3+ 65. Ke4 Re2+ 66. Kd4 Rf3 67. Rxg7+ Kh6 68. Rg8 Kh5 69. Bg5 a3 70. f5 exf5 71. Rh8+ Kg4 72. Ra8 b4 73. Kd5 Rd3+ 74. Kc4 Rd1 75. Kxb4 a2 76. e6 a1=Q 0-1

[Event "Kupreichik Memorial Open 2018"]
[Site "Minsk"]
[Date "2018.06.21"]
[Round "4"]
[White "Rybakova, Polina"]
[Black "Kashtelyan, Valentin"]
[Result "1-0"]
[ECO "B30"]
[WhiteElo "1826"]
[BlackElo "1604"]
[Annotator "NA"]
[PlyCount "95"]
[EventDate "2018.06.21"]
[EventCountry "BLR"]
[SourceTitle "playchess.com"]
[Source "ChessBase"]
[SourceQuality "1"]
[TimeControl "900+10"]

1. e4 c5 2. Nf3 Nc6 3. Bb5 Qc7 4. O-O e6 5. Nc3 Nge7 6. d4 cxd4 7. Nxd4 a6 8. Be2 Ng6 9. Kh1 Be7 10. Nxc6 bxc6 11. f4 d5 12. f5 Ne5 13. Bf4 O-O 14. Bg3 f6 15. fxe6 Bxe6 16. exd5 Rfd8 17. Bf3 Qa5 18. Bxe5 fxe5 19. Qe2 Bxd5 20. Nxd5 cxd5 21. Qxe5 Bf6 22. Qe6+ Kh8 23. c3 Rab8 24. Rad1 Rb6 25. Qe2 h6 26. Bxd5 Rbd6 27. Bb3 Qe5 28. Qxe5 Bxe5 29. Rfe1 Bf4 30. g3 Rxd1 31. Rxd1 Rxd1+ 32. Bxd1 Bd2 33. Kg2 Kg8 34. Kf3 Kf7 35. Ke2 Bg5 36. b4 Ke6 37. Bb3+ Kd6 38. Bc4 Bf6 39. Kd3 a5 40. bxa5 Kc5 41. a6 Kb6 42. a4 Be7 43. Bb5 Bc5 44. Ke4 Bg1 45. h3 Bh2 46. g4 Bg1 47. Kd5 Bc5 48. a7 1-0

[Event "Kupreichik Memorial Open 2018"]
[Site "Minsk"]
[Date "2018.06.21"]
[Round "4"]
[White "Pashkov, Vladimir M"]
[Black "Stsepkina, Yauheniya"]
[Result "0-1"]
[ECO "D94"]
[WhiteElo "1812"]
[BlackElo "1591"]
[Annotator "NA"]
[PlyCount "102"]
[EventDate "2018.06.21"]
[EventCountry "BLR"]
[SourceTitle "playchess.com"]
[Source "ChessBase"]
[SourceQuality "1"]
[TimeControl "900+10"]

1. d4 Nf6 2. Nf3 g6 3. c4 Bg7 4. Nc3 d5 5. e3 O-O 6. Bd3 b6 7. Ne5 Bb7 8. O-O Nbd7 9. f4 Rc8 10. Bd2 c5 11. Qe2 Ne4 12. Bxe4 dxe4 13. Nxd7 Qxd7 14. d5 f5 15. Rac1 e6 16. Rfd1 exd5 17. cxd5 Qf7 18. Be1 Rfd8 19. d6 Rc6 20. b3 Rcxd6 21. Rxd6 Rxd6 22. Rd1 Qd7 23. Rxd6 Qxd6 24. Qc4+ Kf8 25. Kf2 a6 26. a4 Qd3 27. Qxd3 exd3 28. e4 fxe4 29. Ke3 Bd4+ 30. Kd2 Ke7 31. Nd1 Bd5 32. Bf2 Bxb3 33. Ne3 Bxe3+ 34. Kxe3 Bxa4 35. Be1 Bc6 36. g4 Ke6 37. Bc3 b5 38. Be5 b4 39. Bb2 a5 40. h4 c4 41. h5 c3 42. hxg6 hxg6 43. Bc1 b3 44. f5+ gxf5 45. gxf5+ Kxf5 46. Ba3 b2 47. Bxb2 cxb2 48. Kf2 b1=Q 49. Ke3 Ke5 50. Kf2 Kf4 51. Kg2 e3+ 0-1

[Event "Kupreichik Memorial Open 2018"]
[Site "Minsk"]
[Date "2018.06.21"]
[Round "4"]
[White "Mialik, Uladzislau"]
[Black "Terletsky, Oleg"]
[Result "0-1"]
[ECO "A05"]
[WhiteElo "1768"]
[BlackElo "2268"]
[Annotator "NA"]
[PlyCount "86"]
[EventDate "2018.06.21"]
[EventCountry "BLR"]
[SourceTitle "playchess.com"]
[Source "ChessBase"]
[SourceQuality "1"]
[TimeControl "900+10"]

1. Nf3 Nf6 2. g3 g6 3. Bg2 Bg7 4. d4 O-O 5. O-O d6 6. Re1 Nbd7 7. e4 e5 8. c3 Re8 9. Nbd2 c6 10. Qc2 b5 11. a4 Bb7 12. b3 a6 13. Ba3 c5 14. d5 Rf8 15. Bb2 Nh5 16. axb5 axb5 17. Rxa8 Bxa8 18. Ra1 f5 19. Ra6 Nb6 20. c4 b4 21. Qb1 Bb7 22. Ra7 Qb8 23. Qa1 Bh6 24. Ra5 Qc7 25. Ra7 Nc8 26. Ra5 Ng7 27. Ra2 Ne7 28. Qe1 Bc8 29. Bc1 Bxd2 30. Nxd2 fxe4 31. Nxe4 Nef5 32. f4 exf4 33. Bxf4 Nh5 34. Rf2 Nxf4 35. Rxf4 Qe7 36. Qf1 h5 37. Rf2 Qe5 38. Kh1 Bd7 39. Rf4 Ra8 40. Nf2 Ne3 41. Qd3 Ra1+ 42. Nd1 Rxd1+ 43. Bf1 Rxd3 0-1

[Event "Kupreichik Memorial Open 2018"]
[Site "Minsk"]
[Date "2018.06.21"]
[Round "4"]
[White "Arlou, Valery"]
[Black "Fedotov, Konstantin"]
[Result "0-1"]
[ECO "A46"]
[WhiteElo "1743"]
[BlackElo "2090"]
[Annotator "NA"]
[PlyCount "61"]
[EventDate "2018.06.21"]
[EventCountry "BLR"]
[SourceTitle "playchess.com"]
[Source "ChessBase"]
[SourceQuality "1"]
[TimeControl "900+10"]

1. d4 Nf6 2. Nf3 c5 3. e3 e6 4. Be2 b6 5. O-O Bb7 6. c4 d5 7. cxd5 exd5 8. Bb5+ Nbd7 9. Nc3 a6 10. Bd3 Be7 11. Ne5 Nxe5 12. dxe5 Ne4 13. Bxe4 dxe4 14. Qg4 Qc7 15. Qxg7 O-O-O 16. Qg4+ Kb8 17. Qf4 f5 18. exf6 Bd6 19. Qh4 Rde8 20. Bd2 Be5 21. Rad1 Rhf8 22. Bc1 Bxf6 23. Qh6 Qf7 24. Qf4+ Ka7 25. Rd2 Qg7 26. Qg3 Qh6 27. Rd7 Be5 28. Qh3 Qc6 29. Rfd1 Kb8 30. Qh4 Bf6 31. Qg3+ {Rh8} 0-1

[Event "Kupreichik Memorial Open 2018"]
[Site "Minsk"]
[Date "2018.06.21"]
[Round "4"]
[White "Bezenson, Anton"]
[Black "Katashuk, Uladzislau"]
[Result "0-1"]
[ECO "A89"]
[WhiteElo "1732"]
[BlackElo "2149"]
[Annotator "NA"]
[PlyCount "58"]
[EventDate "2018.06.21"]
[EventCountry "BLR"]
[SourceTitle "playchess.com"]
[Source "ChessBase"]
[SourceQuality "1"]
[TimeControl "900+10"]

1. Nf3 f5 2. d4 g6 3. c4 Bg7 4. Nc3 d6 5. g3 Nf6 6. Bg2 O-O 7. O-O Nc6 8. Re1 Ne4 9. Be3 e5 10. dxe5 Nxc3 11. bxc3 dxe5 12. Qd5+ Kh8 13. Rac1 Qe8 14. Red1 Be6 15. Qb5 Rb8 16. Ng5 e4 17. Bf4 a6 18. Qa4 Bd7 19. Qa3 h6 20. Nh3 Rc8 21. f3 g5 22. Bd2 e3 23. Be1 Be6 24. c5 f4 25. gxf4 Qh5 26. c4 Bxh3 27. Bxh3 Qxh3 28. fxg5 Be5 29. f4 Bxf4 0-1

[Event "Kupreichik Memorial Open 2018"]
[Site "Minsk"]
[Date "2018.06.21"]
[Round "4"]
[White "Beliuga, Mikhail"]
[Black "Svjatocho, Andrej"]
[Result "0-1"]
[ECO "A04"]
[WhiteElo "1699"]
[BlackElo "1979"]
[Annotator "NA"]
[PlyCount "54"]
[EventDate "2018.06.21"]
[EventCountry "BLR"]
[SourceTitle "playchess.com"]
[Source "ChessBase"]
[SourceQuality "1"]
[TimeControl "900+10"]

1. Nf3 f5 2. c4 Nf6 3. d3 d6 4. Nc3 e5 5. e4 Nc6 6. Bg5 Be7 7. g3 O-O 8. Bg2 h6 9. Bxf6 Bxf6 10. O-O g5 11. Nd5 Bg7 12. h4 f4 13. hxg5 hxg5 14. Nh2 Nd4 15. Qh5 c6 16. Nc3 Be6 17. Ng4 Bxg4 18. Qxg4 Qf6 19. Qh5 Qh6 20. Qg4 Rf7 21. Bh3 Bf6 22. Kg2 f3+ 23. Kh2 Rh7 24. Rh1 Kf7 25. Qd7+ Kg6 26. Qg4 Rah8 27. Kg1 Qxh3 0-1

[Event "Kupreichik Memorial Open 2018"]
[Site "Minsk"]
[Date "2018.06.21"]
[Round "4"]
[White "Yurau, Maksim"]
[Black "Romanovskij, Nikita"]
[Result "1/2-1/2"]
[ECO "B01"]
[WhiteElo "1694"]
[BlackElo "1990"]
[Annotator "NA"]
[PlyCount "45"]
[EventDate "2018.06.21"]
[EventCountry "BLR"]
[SourceTitle "playchess.com"]
[Source "ChessBase"]
[SourceQuality "1"]
[TimeControl "900+10"]

1. e4 d5 2. exd5 Qxd5 3. Nc3 Qd6 4. Nf3 Nf6 5. d4 c6 6. h3 Bf5 7. Bd3 Bxd3 8. Qxd3 e6 9. Bg5 Nbd7 10. O-O Be7 11. Ne4 Nxe4 12. Bxe7 Qxe7 13. Qxe4 O-O 14. c4 Nf6 15. Qe2 Rfd8 16. Rfd1 Qc7 17. Qe5 Qb6 18. Rd2 Qb4 19. Qe2 c5 20. Rad1 cxd4 21. Rxd4 Rxd4 22. Rxd4 Qb6 23. Qe5 1/2-1/2

[Event "Kupreichik Memorial Open 2018"]
[Site "Minsk"]
[Date "2018.06.21"]
[Round "4"]
[White "Selitski, Aleksandr"]
[Black "Kalugin, Sergey G"]
[Result "0-1"]
[ECO "E73"]
[WhiteElo "1678"]
[BlackElo "2334"]
[Annotator "NA"]
[PlyCount "56"]
[EventDate "2018.06.21"]
[EventCountry "BLR"]
[SourceTitle "playchess.com"]
[Source "ChessBase"]
[SourceQuality "1"]
[TimeControl "900+10"]

1. d4 Nf6 2. c4 g6 3. Nc3 Bg7 4. e4 d6 5. Be2 O-O 6. Bg5 Na6 7. g4 Qe8 8. h4 c5 9. d5 e6 10. f3 exd5 11. cxd5 c4 12. Nh3 Nc5 13. O-O b5 14. Qd2 b4 15. Nd1 Nfxe4 16. fxe4 Nxe4 17. Qe1 c3 18. bxc3 bxc3 19. Rc1 Qa4 20. Bf3 Nxg5 21. Nxg5 c2 22. Nf2 Ba6 23. Nfe4 Bxf1 24. Qxf1 h6 25. Nh3 Bb2 26. Nxd6 Rab8 27. Be4 Bxc1 28. Qf6 Bb2 0-1

[Event "Kupreichik Memorial Open 2018"]
[Site "Minsk"]
[Date "2018.06.21"]
[Round "4"]
[White "Sukalina, Alina"]
[Black "Kuznetsov, Mikhail V"]
[Result "0-1"]
[ECO "D37"]
[WhiteElo "1673"]
[BlackElo "2162"]
[Annotator "NA"]
[PlyCount "60"]
[EventDate "2018.06.21"]
[EventCountry "BLR"]
[SourceTitle "playchess.com"]
[Source "ChessBase"]
[SourceQuality "1"]
[TimeControl "900+10"]

1. d4 Nf6 2. c4 e6 3. Nf3 d5 4. Nc3 Nbd7 5. Bg5 Bb4 6. a3 Bxc3+ 7. bxc3 dxc4 8. e4 b5 9. Qb1 c6 10. e5 h6 11. exf6 hxg5 12. fxg7 Rg8 13. Qh7 Nf6 14. Qh6 Nd5 15. Ne5 Qf6 16. Qxf6 Nxf6 17. Nxc6 Bb7 18. Ne5 Rxg7 19. f3 Nd5 20. Kd2 f6 21. Ng4 a5 22. Be2 Rc7 23. Rhc1 Ke7 24. g3 b4 25. axb4 axb4 26. cxb4 c3+ 27. Kc2 Nxb4+ 28. Kb3 Rb8 29. Rxc3 Bd5+ 30. Kb2 Na2+ {[%emt 0:00:10] Kc1 [%clk 0:00:13] Nb4} 0-1

[Event "Kupreichik Memorial Open 2018"]
[Site "Minsk"]
[Date "2018.06.21"]
[Round "4"]
[White "Ustiugov, Boris"]
[Black "Runets, Ivan"]
[Result "0-1"]
[ECO "D01"]
[WhiteElo "1614"]
[BlackElo "2027"]
[Annotator "NA"]
[PlyCount "96"]
[EventDate "2018.06.21"]
[EventCountry "BLR"]
[SourceTitle "playchess.com"]
[Source "ChessBase"]
[SourceQuality "1"]
[TimeControl "900+10"]

1. d4 Nf6 2. Nc3 d5 3. Bg5 Bf5 4. e3 e6 5. Bd3 Bg6 6. f3 Be7 7. Bh4 O-O 8. Nge2 c5 9. O-O Nc6 10. a3 Nd7 11. Bf2 cxd4 12. exd4 Bf6 13. Bxg6 hxg6 14. Qd2 Rc8 15. Rac1 Qe7 16. Rfe1 Nb6 17. Rcd1 Bg5 18. f4 Bf6 19. Kh1 Na5 20. Qc1 Nac4 21. Rd3 Bh4 22. g3 Bf6 23. Ng1 Rc6 24. Nf3 Rfc8 25. Ne5 Bxe5 26. fxe5 Nxa3 27. bxa3 Rxc3 28. Rxc3 Rxc3 29. Re3 Qc7 30. Re2 Qc4 31. Rd2 Qa2 32. Qd1 Nc4 33. Re2 Nxa3 34. Bg1 Rxc2 35. Re3 Nc4 36. Rf3 Qb2 37. Qd3 a5 38. Rf1 Qc3 39. Qd1 Qd2 40. Qf3 Qe2 41. Qxf7+ Kh7 42. Rf2 Qe4+ 43. Qf3 Qxf3+ 44. Rxf3 a4 45. Rf7 Rb2 46. Re7 a3 47. Re8 a2 48. Ra8 b5 0-1

[Event "Kupreichik Memorial Open 2018"]
[Site "Minsk"]
[Date "2018.06.21"]
[Round "4"]
[White "Halouchyts, Karalina"]
[Black "Gavrjuchenkova, Angelina"]
[Result "1/2-1/2"]
[ECO "C70"]
[WhiteElo "1603"]
[BlackElo "1900"]
[Annotator "NA"]
[PlyCount "67"]
[EventDate "2018.06.21"]
[EventCountry "BLR"]
[SourceTitle "playchess.com"]
[Source "ChessBase"]
[SourceQuality "1"]
[TimeControl "900+10"]

1. e4 e5 2. Nf3 Nc6 3. Bb5 a6 4. Ba4 b5 5. Bb3 Bc5 6. O-O Nf6 7. Re1 Ng4 8. Re2 O-O 9. h3 Nxf2 10. Rxf2 Bxf2+ 11. Kxf2 Nd4 12. d3 Nxb3 13. axb3 d5 14. Nc3 dxe4 15. dxe4 Qf6 16. Qd5 Be6 17. Qxe5 Qxe5 18. Nxe5 f5 19. Kg1 fxe4 20. Be3 Rae8 21. Nc6 Bd7 22. Nd4 c5 23. Nde2 b4 24. Nd5 Bb5 25. Re1 Rf5 26. Nc7 Ref8 27. Nxb5 axb5 28. Ng3 Re5 29. Bf2 Rfe8 30. Be3 h6 31. Bf4 R5e6 32. Be3 Re5 33. Bf4 R5e6 34. Be3 1/2-1/2

[Event "Kupreichik Memorial Open 2018"]
[Site "Minsk"]
[Date "2018.06.21"]
[Round "4"]
[White "Tkachou, Pavel"]
[Black "Kaliadzich, Maryia"]
[Result "1/2-1/2"]
[ECO "D02"]
[WhiteElo "1535"]
[BlackElo "2058"]
[Annotator "NA"]
[PlyCount "59"]
[EventDate "2018.06.21"]
[EventCountry "BLR"]
[SourceTitle "playchess.com"]
[Source "ChessBase"]
[SourceQuality "1"]
[TimeControl "900+10"]

1. d4 d5 2. Nf3 Nf6 3. g3 Bf5 4. Bg2 h6 5. c4 e6 6. Nc3 Be7 7. O-O c6 8. Re1 O-O 9. Nh4 Bh7 10. cxd5 cxd5 11. Nf3 Nc6 12. Ne5 Nb4 13. e4 Rc8 14. a3 Nc6 15. exd5 Nxd5 16. Nxd5 exd5 17. Qg4 f5 18. Qf3 Nxd4 19. Qxd5+ Qxd5 20. Bxd5+ Kh8 21. Be3 Nc2 22. Nf7+ Rxf7 23. Bxf7 Nxa1 24. Rxa1 b6 25. Bd4 Rd8 26. Bc3 f4 27. Re1 Bc5 28. gxf4 Bf5 29. Re8+ Rxe8 30. Bxe8 1/2-1/2